 Dungeon Crawl Stone Soup version 0.22.1-2-g9c5b331 (webtiles) character file.

666 Yuikono the Summoner (level 7, -1/36 HPs)
             Began as a Tengu Summoner on Dec 17, 2018.
             Was a Follower of Sif Muna.
             Shot with an arrow by a centaur (9 damage)
             ... on level 5 of the Dungeon.
             The game lasted 00:22:52 (6891 turns).

Yuikono the Summoner (Tengu Summoner)               Turns: 6891, Time: 00:22:52

Health: -1/36      AC:  2    Str:  8    XL:     7   Next: 57%
Magic:  9/16       EV: 13    Int: 18    God:    Sif Muna [*.....]
Gold:   252        SH:  0    Dex: 14    Spells: 7/16 levels left

rFire    . . .     SeeInvis .   v - +3 dagger
rCold    . . .     Gourm    .   (no shield)
rNeg     . . .     Faith    .   a - +0 robe
rPois    .         Spirit   .   (helmet restricted)
rElec    .         Reflect  .   (no cloak)
rCorr    .         Harm     .   (no gloves)
MR       .....                  (boots unavailable)
Stlth    ++........             (no amulet)
HPRegen  0.12/turn              (no ring)
MPRegen  0.15/turn              (no ring)

@: no status effects
A: beak, talons 3, able to fly 1
a: Fly, Divine Energy, Renounce Religion


You were on level 5 of the Dungeon.
You worshipped Sif Muna.
Sif Muna was aware of your devotion.
You were not hungry.

You visited 2 branches of the dungeon, and saw 6 of its levels.

You collected 252 gold pieces.

Inventory:

Hand Weapons
 f - a +0 halberd
 r - a +0 blowgun
 v - a +3 dagger (weapon)
 x - a +0 hunting sling
 z - a +4 hunting sling
Missiles
 b - 71 arrows
 d - 3 throwing nets
 l - 8 tomahawks (quivered)
 m - 41 poisoned needles
 n - 16 bolts
 q - 65 stones
 A - 34 sling bullets
Armour
 a - a +0 robe (worn)
Jewellery
 w - a cursed ring of teleportation {unknown}
Scrolls
 e - 9 scrolls of identify
 h - a scroll of remove curse
 i - 4 scrolls of amnesia {unknown}
 t - a scroll of teleportation
 y - a scroll of magic mapping
Potions
 g - a potion of might
 j - a potion of haste
 k - a potion of invisibility {unknown}
 o - a potion of flight
 p - a potion of mutation {unknown}
 s - a potion of brilliance {unknown}
 u - 2 potions of curing {unknown}
Comestibles
 c - 3 rations


   Skills:
 - Level 0.2 Fighting
 - Level 2.4 Dodging
 - Level 2.0 Stealth
 + Level 5.4 Spellcasting
 + Level 8.3 Summonings


You had 7 spell levels left.
You knew the following spells:

 Your Spells              Type           Power        Failure   Level  Hunger
a - Summon Small Mammal   Summ           ####         1%          1    None
b - Call Imp              Summ           ####....     1%          2    #......
c - Call Canine Familiar  Summ           ####....     1%          3    ##.....
d - Summon Guardian Gole  Hex/Summ       ###.....     7%          3    ##.....

Your spell library contained the following spells:

 Spells                   Type           Power        Failure   Level  Hunger
 Animate Skeleton         Necr           N/A          13%         1    None
 Apportation              Tloc           #.....       13%         1    None
 Confusing Touch          Hex            #.....       13%         1    None
 Summon Ice Beast         Ice/Summ       ###.....     22%         4    ####...
 Summon Lightning Spire   Summ/Air       ###.....     22%         4    ####...


Dungeon Overview and Level Annotations

Branches:
Dungeon (5/15)             Temple (1/1) D:4

Altars:
Ashenzari
Dithmenos
Hepliaklqana
Kikubaaqudgha
Makhleb
Nemelex Xobeh
Okawaru
Ru
Sif Muna
Uskayaw
Vehumet
Wu Jian
Xom
Yredelemnul


Innate Abilities, Weirdness & Mutations

You have a beak for a mouth.
You have claws for feet.
You can fly.


Message History

The centaur shoots an arrow.
The arrow hits your hound. The orc misses you.
Your hound bites the orc.
Things that are here:
a trident; a ring mail; 26 gold pieces You hit the orc.
You kill the orc!
Sif Muna accepts your kill.
The centaur shoots an arrow.
The arrow hits your hound. What are your orders? t - Shout!
Orders for allies: a - Attack new target. r - Retreat! s - Stop attacking. g - Guard the area. f - Follow me.
Anything else - Cancel.
Gang up on whom?
Press: ? - help, Dir - move target cursor, f - centaur
Aim: a centaur, wielding a shortbow Attack!
The centaur shoots an arrow.
The arrow misses your hound. The arrow hits you!
You die...

#.# #.... # #.# ....#
.# #.# ##.#c.## ...
#.## #..#...##....
#..######.##.%.......
##.........†.(.§..##.
#..##.#####(()......
#..##.# #h##......
#..##.# #@# ......
#..##.. #.# .....
#..#### ... ..)..
#..# ####. .... #.##
.# .... ### #


You could see a centaur and a friendly hound.

Vanquished Creatures
  A phantom (D:3)
  A water moccasin skeleton (D:4)
  An orc priest (D:4)
  A hound skeleton (D:5)
  3 gnolls
  An adder (D:2)
  2 adder skeletons (D:4)
  3 dart slugs
  4 leopard geckos
  6 orcs
  A giant cockroach (D:4)
  7 hobgoblins
  2 jackals (D:4)
  3 kobolds
  9 bats
  A frilled lizard (D:1)
  9 goblins
  5 rats
  A bush (D:2)
61 creatures vanquished.

Vanquished Creatures (collateral kills)
  5 ogres (D:4)
  A phantom (D:4)
  A hound (D:4)
  2 worker ants
  2 orc wizards (D:4)
  Robin (D:4)
  7 gnolls
  6 adders
  An adder skeleton (D:4)
  A worm (D:3)
  2 leopard geckos
  9 orcs
  A giant cockroach (D:3)
  13 goblins
  A hobgoblin (D:1)
  4 kobolds
  A bat (D:3)
  A quokka skeleton (D:4)
  A rat (D:3)
60 creatures vanquished.

Grand Total: 121 creatures vanquished

Notes
Turn   | Place    | Note
-------+----------+-------------------------------------------
     0 | D:1      | Yuikono the Tengu Summoner began the quest for the Orb.
     0 | D:1      | Reached XP level 1. HP: 10/10 MP: 4/4
   933 | D:1      | Reached skill level 5 in Summonings
  1156 | D:1      | Reached XP level 2. HP: 14/15 MP: 4/6
  1870 | D:2      | Learned a level 2 spell: Call Imp
  1924 | D:2      | Reached XP level 3. HP: 19/19 MP: 7/7
  1929 | D:2      | Learned a level 3 spell: Call Canine Familiar
  2835 | D:2      | Found a sacrificial altar of Ru.
  2840 | D:2      | Found a radiant altar of Vehumet.
  2840 | D:2      | Found a deep blue altar of Sif Muna.
  2840 | D:2      | Found a shattered altar of Ashenzari.
  2956 | D:2      | Became a worshipper of Sif Muna the Loreminder
  3522 | D:3      | Reached XP level 4. HP: 22/24 MP: 9/9
  3662 | D:3      | Learned a level 3 spell: Summon Guardian Golem
  3703 | D:3      | Reached skill level 6 in Summonings
  4068 | D:3      | Gained mutation: You can fly. [Tengu growth]
  4068 | D:3      | Reached XP level 5. HP: 27/28 MP: 8/11
  4426 | D:3      | Found a faded altar of an unknown god.
  4464 | D:4      | Noticed a phantom
  4863 | D:4      | Killed a phantom
  4966 | D:4      | Noticed an ogre
  4986 | D:4      | Noticed a phantom
  5017 | D:3      | Killed a phantom
  5017 | D:3      | Reached * piety under Sif Muna
  5017 | D:3      | Reached skill level 7 in Summonings
  5017 | D:3      | Reached XP level 6. HP: 17/32 MP: 3/13
  5411 | D:4      | Reached XP level 7. HP: 36/36 MP: 11/15
  5419 | D:4      | Found a staircase to the Ecumenical Temple.
  5478 | Temple   | Entered the Ecumenical Temple
  5575 | D:4      | Reached skill level 5 in Spellcasting
  5804 | D:4      | Noticed Robin
  5821 | D:4      | Reached skill level 8 in Summonings
  5826 | D:4      | Killed Robin
  6812 | D:5      | Entered Level 5 of the Dungeon
  6891 | D:5      | Shot with an arrow by a centaur

Skill      XL: |  1  2  3  4  5  6  7 |
---------------+----------------------+-----
Summonings     | 5 6 7 8 |  8.3
Spellcasting   | 3 4 5 |  5.4
Fighting       | |  0.2
Dodging        | |  2.4
Stealth        | |  2.0

Action                   |  1- 3 |  4- 6 |  7- 9 || total
-------------------------+-------+-------+-------++-------
Melee: Unarmed           |    24 |       |       ||    24
       Peck              |    77 |     9 |     7 ||    93
       Dagger            |   268 |    34 |    41 ||   343
       Kick              |    91 |     6 |    11 ||   108
       Halberd           |       |    24 |       ||    24
Throw: Tomahawk          |     3 |    11 |       ||    14
 Cast: Summon Small Mamm |    18 |     4 |     1 ||    23
       Call Canine Famil |     7 |    15 |    12 ||    34
       Call Imp          |       |    18 |    14 ||    32
  Use: Scroll            |       |     9 |       ||     9
 Stab: Sleeping          |     3 |     1 |     1 ||     5
       Distracted        |       |     3 |       ||     3
  Eat: Chunk             |    10 |     4 |     5 ||    19
       Ration            |       |     1 |       ||     1
Armor: Robe              |    30 |     7 |     6 ||    43
Dodge: Dodged            |   100 |    46 |    28 ||   174
